 Dungeon Crawl Stone Soup version 0.29.1-15-g9cfb28693d (webtiles) character file.

Game seed: 18018126103328965573

2536 Smoke131 the Ruffian (level 9, 0/88 HPs)
             Began as a Troll Gladiator on Feb 27, 2023.
             Was an Initiate of Okawaru.
             Slain by an ogre
             ... wielding a +0 giant club
              (21 damage)
             ... on level 7 of the Dungeon.
             The game lasted 00:19:37 (5947 turns).

Smoke131 the Ruffian (Troll Gladiator)              Turns: 5947, Time: 00:19:37

Health: 0/88       AC: 10    Str: 28    XL:     9   Next: 30%
Magic:  8/8        EV: 11    Int:  4    God:    Okawaru [......]
Gold:   243        SH:  0    Dex: 11    Spells: 8/8 levels left

rFire   . . .      SeeInvis .     - Unarmed
rCold   . . .      Faith    .   (no shield)
rNeg    . . .      Spirit   .   j - +0 steam dragon scales
rPois   .          Reflect  .   b - +1 hat
rElec   .          Harm     .   e - +1 cloak
rCorr   .          Rampage  .   (gloves unavailable)
Will    .....                   (boots unavailable)
Stlth   +.........              (no amulet)
HPRegen 1.04/turn               (no ring)
MPRegen 0.11/turn               (no ring)

@: no status effects
A: large, unfitting armour, claws 3, regeneration 1, shaggy fur 1, tough skin 1
a: Renounce Religion


You were on level 7 of the Dungeon.
You worshipped Okawaru.
Okawaru was noncommittal.
You visited 2 branches of the dungeon, and saw 8 of its levels.

You collected 243 gold pieces.

Inventory:

Missiles
 c - 3 throwing nets (quivered)
 u - 23 poisoned darts
 v - a silver boomerang
 w - 5 boomerangs
Armour
 b - a +1 hat (worn)
 e - a +1 cloak (worn)
 j - +0 steam dragon scales (worn)
Jewellery
 q - an amulet of magic regeneration
 C - a ring of magical power
Wands
 i - a wand of charming (6)
 y - a wand of roots (6)
 D - a wand of mindburst (16)
Scrolls
 a - a scroll of enchant armour
 l - a scroll of fear
 s - a scroll of poison
Potions
 f - a potion of attraction
 g - 2 potions of flight
 h - 9 potions of curing
 k - 3 potions of resistance
 m - a potion of might
 n - 2 potions of haste
 o - a potion of invisibility {unknown}
 t - a potion of heal wounds {unknown}
 x - a potion of brilliance {unknown}
 z - 2 potions of degeneration
 A - 2 potions of berserk rage {unknown}


   Skills:
 + Level 5.5 Fighting
 + Level 6.0 Throwing
 + Level 2.0 Armour
 - Level 5.2 Dodging
 + Level 7.0 Unarmed Combat


You had 8 spell levels left.
You didn't know any spells.
Your spell library contained the following spells:

 Spells                   Type           Power      Damage    Failure   Level
 Foxfire                  Conj/Fire      0%         2x1d4     50%         1
 Static Discharge         Conj/Air       0%         3-3/arc   65%         2
 Conjure Flame            Conj/Fire      0%         6-21      86%         3
 Dazzling Flash           Conj/Hex       0%         N/A       86%         3
 Gell's Gravitas          Tloc           0%         N/A       86%         3
 Inner Flame              Hex/Fire       0%         N/A       86%         3
 Lesser Beckoning         Tloc           0%         N/A       86%         3
 Teleport Other           Tloc           0%         N/A       86%         3
 Dispel Undead            Necr           0%         3d6       99%         4
 Flame Wave               Conj/Fire      0%         2d4       99%         4
 Sticky Flame             Conj/Fire      0%         2d3       99%         4
 Agony                    Necr           0%         N/A       100%        5
 Silence                  Hex/Air        0%         N/A       100%        5


Dungeon Overview and Level Annotations

Branches:
Dungeon (7/15)             Temple (1/1) D:6

Altars:
Dithmenos
Elyvilon
Fedhas
Hepliaklqana
Nemelex Xobeh
Okawaru
Qazlal
Ru
Vehumet
Xom
Yredelemnul
Zin

Annotations:
D:7 Menkaure


Innate Abilities, Weirdness & Mutations

You are too large for most types of armour.
You have claws for hands.
Your natural rate of healing is unusually fast.
You are covered in fur. (AC +1)
You have tough skin. (AC +1)


Message History

You hear the faint creaking of a very distant portcullis.
A - 2 orange potions (gained 1) HP restored.
An ogre comes into view. It is wielding a +0 giant club.
The ogre shouts!
The ogre hits you with a +0 giant club!!
You mangle the ogre!!
The ogre is severely wounded.
The ogre closely misses you.
You barely miss the ogre.
The ogre is severely wounded.
You claw the ogre!
You kill the ogre!
Okawaru accepts your kill.
Your Armour skill increases to level 2!
Your Unarmed Combat skill increases to level 7!
You see here a +0 giant club.
Menkaure, Prince of Dust comes into view.
Menkaure shouts!
Menkaure calls on the powers of darkness!
Your body is wracked with pain!
You hear a shout!
You barely miss Menkaure.
Menkaure gestures at you while chanting.
Pain shoots through your body!
An ogre comes into view. It is wielding a +0 giant club.
Throw: 2 large rocks
Press: ? - help, Q - select action, (/) - cycle Shift-Dir - straight line, f - Menkaure
Aim: Menkaure (76% to hit)
You throw a large rock. The large rock barely misses Menkaure.
Menkaure hits you!
* * * LOW HITPOINT WARNING * * *
Throw: large rock
Press: ? - help, Q - select action, (/) - cycle Shift-Dir - straight line, f/p - Menkaure
Aim: Menkaure (76% to hit)
You throw a large rock. The large rock hits Menkaure!
Menkaure is heavily damaged.
Menkaure hits you but does no damage.
The ogre hits you with a +0 giant club!!
You die...

##.#.##..# #.# .......
#... #.# .......##..# #.#
............# # #.#
.......#.....#
#.##.###..######.#...#
........##.........#
#######..O..###.###.#.#.#
........@M.....(........#
#######.#######.###+#.###
#.# #........ #.# ###
#........ #.# #.#
#........ #.# #.#
#.......) #.# #.#
#........ #.# #.#
#....<... #.####.#
..........


You could see an ogre and Menkaure.

Vanquished Creatures
  Grinder (D:5)
  Sigmund (D:4)
  A steam dragon (D:5)
  An acid dragon (D:5)
  A water moccasin (D:6)
  An ice beast (D:6)
  2 black bears
  2 ogres
  2 centaurs
  2 phantoms
  A bullfrog (D:6)
  A necrophage (D:5)
  3 scorpions
  A howler monkey (D:4)
  5 orc priests
  4 hounds
  A jelly (D:7)
  Jessica (D:2)
  3 iguanas
  7 orc wizards
  10 adders
  A shadow imp (D:5)
  A worm (D:2)
  26 orcs
  6 bats
  5 endoplasms
  6 giant cockroaches
  15 goblins
  11 hobgoblins
  2 jackals (D:1)
  6 quokkas
  5 ball pythons
  2 frilled lizards (D:1)
  13 kobolds
  7 rats
157 creatures vanquished.

Notes
Turn   | Place    | Note
-------+----------+-------------------------------------------
     0 | D:1      | Smoke131 the Troll Gladiator began the quest for the Orb.
     0 | D:1      | Reached XP level 1. HP: 19/19 MP: 0/0
    93 | D:1      | Reached XP level 2. HP: 28/28 MP: 1/1
   407 | D:1      | Reached XP level 3. HP: 35/35 MP: 2/2
   551 | D:1      | Found a faded altar of an unknown god.
   854 | D:2      | Noticed Jessica
   864 | D:2      | Killed Jessica
   865 | D:2      | Reached XP level 4. HP: 38/42 MP: 3/3
  1910 | D:3      | Reached XP level 5. HP: 14/50 MP: 4/4
  2005 | D:3      | Found a stormy altar of Qazlal.
  2006 | D:3      | Noticed a water elemental
  2006 | D:3      | Noticed an air elemental
  2006 | D:3      | Noticed a fire elemental
  2890 | D:4      | Reached skill level 4 in Unarmed Combat
  2894 | D:4      | Noticed Sigmund
  2916 | D:4      | Killed Sigmund
  2917 | D:4      | Reached XP level 6. HP: 42/61 MP: 5/5
  3109 | D:4      | Reached XP level 7. HP: 54/67 MP: 6/6
  3213 | D:4      | Reached skill level 5 in Unarmed Combat
  3571 | D:5      | Entered Level 5 of the Dungeon
  3586 | D:5      | Noticed a steam dragon
  3603 | D:5      | Killed a steam dragon
  3604 | D:5      | Reached XP level 8. HP: 32/78 MP: 7/7
  3805 | D:5      | Found a sacrificial altar of Ru.
  4157 | D:5      | Found a hazy altar of Hepliaklqana.
  4211 | D:5      | Noticed Grinder
  4223 | D:5      | Killed Grinder
  4224 | D:5      | Reached skill level 5 in Throwing
  4224 | D:5      | Reached skill level 5 in Dodging
  4224 | D:5      | Reached skill level 6 in Unarmed Combat
  4987 | D:6      | Found a glowing silver altar of Zin.
  4999 | D:6      | Found a basalt altar of Yredelemnul.
  5004 | D:6      | Found a shadowy altar of Dithmenos.
  5006 | D:6      | Found a radiant altar of Vehumet.
  5089 | D:5      | Reached skill level 5 in Fighting
  5186 | D:6      | Reached skill level 1 in Armour
  5247 | D:6      | Reached XP level 9. HP: 88/88 MP: 8/8
  5430 | D:6      | Found a staircase to the Ecumenical Temple.
  5442 | Temple   | Entered the Ecumenical Temple
  5455 | Temple   | Became a worshipper of Warmaster Okawaru
  5932 | D:7      | Reached skill level 7 in Unarmed Combat
  5942 | D:7      | Noticed Menkaure
  5947 | D:7      | Slain by an ogre

Illustrated notes

Levels and vault maps discovered:
D:1:      dpeg_arrival_arbitrary_a, layout_loops_ring,
          shapermc_ecumenical_altar_totnotflames
D:2:      layout_loops_ring, wad_floor_pattern_untrapped, minmay_pentomino_s4,
          uniq_jessica
D:3:      layout_basic, nicolae_qazlal_style_of_elements,
          guppyfry_early_orc_mine
D:4:      layout_loops_ring, uniq_sigmund
D:5:      layout_layer_cave, nicolae_ru_great_annihilating_truth,
          worldfamousw_hep_ancestral_shrine, uniq_grinder
D:6:      layout_loops_ring, minitemple, minmay_temple_entry_hall
D:7:      layout_basic, enter_bailey_2, hellmonk_guarded_unrand_gong,
          uniq_menkaure
Temple:   hellmonk_temple_forest_ring

Skill      XL: |  1  2  3  4  5  6  7  8  9 |
---------------+----------------------------+-----
Throwing       | 2 3 4 5 6 |  6.0
Fighting       | 2 3 4 5 |  5.5
Dodging        | 3 4 5 |  5.2
Unarmed Combat | 4 5 6 7 |  7.0
Armour         | 1 2 |  2.0

Action                   |  1- 3 |  4- 6 |  7- 9 || total
-------------------------+-------+-------+-------++-------
Melee: Unarmed           |    62 |   171 |   186 ||   419
       Punch             |     1 |     3 |     5 ||     9
Throw: Large rock        |     2 |     5 |     8 ||    15
       Boomerang         |       |     8 |     6 ||    14
       Dart              |       |       |     9 ||     9
  Use: Scroll            |       |    14 |     7 ||    21
 Stab: Sleeping          |     1 |     1 |     2 ||     4
       Paralysed         |       |       |     1 ||     1
Armor: Robe              |    14 |    53 |     6 ||    73
       Steam dragon scal |       |       |    66 ||    66
Dodge: Dodged            |    24 |    86 |    87 ||   197
